 Dungeon Crawl Stone Soup version 0.31.0-11-ge490571c62 (webtiles) character file.

Game seed: 6687293382608987953

95 qw the Shooter (level 4, -3/22 HPs)
             Began as a Spriggan Hunter on Feb 4, 2024.
             Killed by divine providence
             ... invoked by an orc priest
              (15 damage)
             ... on level 2 of the Dungeon.
             The game lasted 00:00:04 (1361 turns).

qw the Shooter (Spriggan Hunter)                    Turns: 1361, Time: 00:00:04

Health: -3/22      AC:  4    Str:  7    XL:     4   Next: 39%
Magic:  5/5        EV: 20    Int: 10    God:
Gold:   78         SH:  0    Dex: 20    Spells: 3/3 levels left

rFire   . . .        a - +0 shortbow
rCold   . . .        (shield currently unavailable)
rNeg    . . .        e - +2 robe {Will+}
rPois   .            (helmet restricted)
rElec   .            (no cloak)
rCorr   .            (gloves unavailable)
SInv    +            (boots unavailable)
Will    +....        (no amulet)
Stlth   ++           (no ring)
HPRegen 0.23/turn    (no ring)
MPRegen 0.09/turn

%: no passive effects
@: very quick
A: very small, no large weapons, unfitting armour, see invisible, speed 3
a: no special abilities


You were on level 2 of the Dungeon.
You visited 1 branch of the dungeon, and saw 2 of its levels.

You collected 78 gold pieces.


Innate Abilities, Weirdness & Mutations

You are very small and have problems with some larger weapons.
You are too small for most types of armour.
You have supernaturally acute eyesight. (SInv)
You cover ground extremely quickly. (Speed+++)


   Skills:
 - Level 1.5 Fighting
 - Level 5.0 Ranged Weapons
 + Level 4.9 Dodging
 - Level 1.5 Stealth


You had 3 spell levels left.
You didn't know any spells.
Your spell library was empty.

Inventory:

Hand Weapons
 a - a +0 shortbow (weapon)
Armour
 e - a +2 robe of willpower (worn)
Scrolls
 b - 2 scrolls of identify
Potions
 f - a potion of heal wounds
 i - a potion of curing

Dungeon Overview and Level Annotations

Branches:
Dungeon (2/15)

Altars:


Message History

You shoot an arrow. The arrow barely misses the bat.
The bat completely misses you.
You shoot an arrow. The arrow hits the bat!
You kill the bat!
You start resting.
HP restored.
You open the door.
Found a serpent talisman.
There is an open door here.
You open the door.
There is an open door here.
An orc comes into view. It is wielding a +0 flail.
The orc shouts!
Enter note:
Enter note:
Enter note:
Enter note:
Enter note:
Enter note:
Enter note:
Enter note: You shoot an arrow.
The arrow closely misses the orc.
An orc priest comes into view. It is wielding a +0 club.
An orc comes into view. It is wielding a +0 hand axe.
You shoot an arrow. The orc shouts!
The orc priest shouts!
The arrow hits the orc.
The orc is severely wounded.
The orc priest calls down the wrath of Beogh upon you.
Beogh smites you!
Ouch! That really hurt!
An orc comes into view. It is wielding a +0 whip.
You shoot an arrow. The orc shouts!
The arrow hits the orc!
You kill the orc!
The orc priest calls down the wrath of Beogh upon you.
Beogh smites you!
Ouch! That really hurt!
You die...

#.# .... ##'## .o.
##...## ##..
##.....##
..o######.......##
##
......#.........###
#. ....
+.......|.'..
#.#####.#
#.........###
#...#..@#
##.......##
#..#.### ##.....##
#....####.# ##...##
#.........# ##'##
###.####### #.# #.#
#.# #.# ##.#######
#.# ##.........
##.## #.....#####


You could see an orc priest and an orc.

Vanquished Creatures
  4 gnolls (D:2)
  An adder (D:2)
  A dart slug (D:2)
  2 ribbon worms (D:2)
  An orc (D:2)
  7 bats
  2 endoplasms (D:1)
  2 giant cockroaches (D:2)
  2 goblins (D:1)
  6 hobgoblins
  3 jackals (D:1)
  3 kobolds
  A quokka (D:1)
  2 ball pythons
  A frilled lizard (D:1)
  6 rats
44 creatures vanquished.

Notes
Turn   | Place    | Note
-------+----------+-------------------------------------------
     0 | D:1      | qw the Spriggan Hunter began the quest for the Orb.
     0 | D:1      | Reached XP level 1. HP: 10/10 MP: 2/2
     0 | D:1      | 0 ||| qw: Version: 0.3-a-160-g6735b56
     0 | D:1      | 0 ||| qw: Game counter: 4724
     0 | D:1      | 0 ||| qw: Melee chars always use a shield: true
     0 | D:1      | 0 ||| qw: God list: Okawaru
     0 | D:1      | 0 ||| qw: Allow faded altars: false
     0 | D:1      | 0 ||| qw: Do Orc after clearing Dungeon:15 true
     0 | D:1      | 0 ||| qw: Do second Lair branch before Depths: true
     0 | D:1      | 0 ||| qw: Lair rune preference: random
     0 | D:1      | 0 ||| qw: Goals: Normal
     0 | D:1      | 0 ||| PLANNING D:1-11
    44 | D:1      | Reached skill level 3 in Dodging
    78 | D:1      | Reached XP level 2. HP: 11/14 MP: 3/3
   582 | D:1      | Reached XP level 3. HP: 18/18 MP: 4/4
   658 | D:1      | 658 ||| UPGRADING to +2 robe of willpower.
   668 | D:1      | 668 ||| DROPPING +0 robe.
   669 | D:1      | 669 ||| READING scroll labelled GISTROGHI HAPU.
   670 | D:1      | 670 ||| READING 2 scrolls labelled LOSSUGE QOIPU.
   670 | D:1      | 670 ||| IDENTIFYING smoky ruby potion
   671 | D:1      | 671 ||| READING scroll of identify.
   671 | D:1      | 671 ||| IDENTIFYING purple potion
   672 | D:1      | 672 ||| READING scroll labelled KASTRO DOXZIENE.
   705 | D:1      | 705 ||| READING scroll labelled XAINUCWUSM.
   706 | D:1      | 706 ||| DROPPING scroll of butterflies.
   794 | D:2      | 794 ||| RETREEEEATING.
   802 | D:2      | Reached skill level 5 in Ranged Weapons
   808 | D:2      | Reached XP level 4. HP: 22/22 MP: 5/5
  1361 | D:2      | Killed from afar by an orc priest

Levels and vault maps discovered:
D:1:      wander_arrival_desolate, layout_basic, minmay_misc_feat_five
D:2:      layout_loops_corners

Skill      XL: |  1  2  3 |
---------------+----------+-----
Dodging        | 3 4 |  4.9
Ranged Weapons | 5 |  5.0
Fighting       | |  1.5
Stealth        | |  1.5

Action                     |  1- 3 |  4- 6 || total
---------------------------+-------+-------++-------
   Fire: Shortbow          |    76 |    51 ||   127
    Use: Scroll            |     5 |       ||     5
 Armour: Robe              |     5 |     5 ||    10
  Dodge: Dodged            |    15 |    24 ||    39

Table legend:
 A = Non-vault XP
 B = Vault XP
 C = Vault XP percentage of total XP
 D = Non-vault monster count
 E = Vault monster count
 F = Vault count percentage of total count
                 A         B        C        D         E       F
            +---------+---------+-------+---------+---------+-------
      Total |     139 |       0 |   0.0 |      44 |       0 |   0.0
            +---------+---------+-------+---------+---------+-------
        D:1 |      41 |       0 |   0.0 |      25 |       0 |   0.0
        D:2 |      98 |       0 |   0.0 |      19 |       0 |   0.0
            +---------+---------+-------+---------+---------+-------
